 Dungeon Crawl Stone Soup version 0.30.1-9-gdf580d7c3d (webtiles) character file.

Game seed: 7901102942602645778

6209 safid the Frost Mage (level 10, -1/84 HPs)
             Began as a Merfolk Ice Elementalist on Oct 13, 2023.
             Was a Priest of Vehumet.
             Slain by a water moccasin (3 damage)
             ... on level 9 of the Dungeon.
             The game lasted 00:14:29 (7922 turns).

safid the Frost Mage (Merfolk Ice Elementalist)     Turns: 7922, Time: 00:14:30

Health: -1/84      AC:  7    Str:  9    XL:     10   Next: 92%
Magic:  20/22      EV: 15    Int: 19    God:    Vehumet [***...]
Gold:   424        SH:  0    Dex: 14    Spells: 15/25 levels left

rFire   . . .        z - +10 shortbow "Moneshri" {speed, rN+}
rCold   + . .        (shield currently unavailable)
rNeg    + . .        a - +0 robe
rPois   .            q - +0 helmet
rElec   .            n - +2 cloak {rCorr}
rCorr   +            i - +0 pair of gloves
SInv    .            (no boots)
Will    +....        (no amulet)
Stlth   ++           C - ring of protection from cold
HPRegen 0.34/turn    B - ring of willpower
MPRegen 0.18/turn

%: no passive effects
@: no status effects
A: (nimble swimmer 2), mertail
a: Renounce Religion


You were on level 9 of the Dungeon.
You worshipped Vehumet.
Vehumet was most pleased with you.
You visited 1 branch of the dungeon, and saw 9 of its levels.

You collected 550 gold pieces.
You spent 126 gold pieces at shops.

Inventory:

Hand Weapons
 v - the +6 short sword "Geusyeno" {freeze, Str+5 Int+4}
   (You found it on level 7 of the Dungeon)

   Str:       It affects your strength (+5).
   Int:       It affects your intelligence (+4).
 z - the +10 shortbow "Moneshri" (weapon) {speed, rN+}
   (You found it on level 5 of the Dungeon)

   rN:        It protects you from negative energy.
Missiles
 t - 2 throwing nets
Armour
 a - a +0 robe (worn)
 i - a +0 pair of gloves (worn)
 n - a +2 cloak of preservation (worn)
 q - a +0 helmet (worn)
Jewellery
 o - the ring of Avoddowa {Fly rF- Str+4 SInv}
   (You found it on level 3 of the Dungeon)

   [ring of flight]

   Str:       It affects your strength (+4).
   rF:        It makes you vulnerable to fire.
   SInv:      It lets you see invisible.
   Fly:       It grants you flight.
 B - a ring of willpower (right hand)
 C - a ring of protection from cold (left hand)
Wands
 c - a wand of polymorph (10)
 h - a wand of digging (12)
 E - a wand of mindburst (11)
 G - a wand of iceblast (8)
Scrolls
 l - 2 scrolls of vulnerability {unknown}
 m - 2 scrolls of magic mapping
 p - a scroll of fog {unknown}
 r - 3 scrolls of amnesia {unknown}
 u - a scroll of brand weapon {unknown}
 w - a scroll of teleportation {unknown}
 x - 2 scrolls of fear {unknown}
 y - a scroll of butterflies {unknown}
 D - a scroll of silence {unknown}
 F - a scroll of enchant weapon {unknown}
Potions
 b - a potion of magic
 d - 4 potions of heal wounds {unknown}
 e - 2 potions of might {unknown}
 f - 5 potions of curing
 g - a potion of haste {unknown}
 j - a potion of cancellation {unknown}
 k - a potion of brilliance {unknown}
 s - a potion of flight {unknown}
 A - a potion of ambrosia {unknown}
 H - a potion of lignification {unknown}
 I - a potion of resistance {unknown}


   Skills:
 + Level 9.7 Fighting
 - Level 8.0 Dodging
 - Level 2.1 Stealth
 - Level 8.0 Spellcasting
 + Level 10.7 Ice Magic


You had 15 spell levels left.
You knew the following spells:

 Your Spells              Type           Power      Damage    Failure   Level
a - Freeze                Ice            100%       1d10      1%          1
b - Frozen Ramparts       Ice            96%        1d15      1%          3
c - Ozocubu's Armour      Ice            48%        N/A       1%          3
d - Hailstorm             Conj/Ice       27%        3d7       1%          3

Your spell library contained the following spells:

 Spells                   Type           Power      Damage    Failure   Level
 Mephitic Cloud           Conj/Pois/Air  7%         N/A       7%          3
 Magic Dart               Conj           28%        1d4       2%          1
 Scorch                   Fire           14%        2d5       4%          2
 Searing Ray              Conj           14%        2d5       4%          2
 Stone Arrow              Conj/Erth      14%        3d7       7%          3
 Apportation              Tloc           14%        N/A       9%          1
 Beastly Appendage        Tmut           14%        N/A       9%          1
 Necrotise                Necr           28%        1d5       9%          1
 Summon Small Mammal      Summ           28%        N/A       9%          1
 Ice Form                 Ice/Tmut       27%        N/A       10%         4
 Summon Ice Beast         Ice/Summ       27%        N/A       10%         4
 Wereblood                Tmut           7%         N/A       14%         2
 Flame Wave               Conj/Fire      7%         2d5       22%         4
 Fulminant Prism          Conj/Hex       3%         3d5       22%         4
 Gell's Gravitas          Tloc           7%         N/A       26%         3
 Spider Form              Tmut/Pois      7%         N/A       26%         3
 Teleport Other           Tloc           7%         N/A       26%         3
 Animate Armour           Summ/Erth      14%        N/A       65%         4
 Simulacrum               Ice/Necr       13%        N/A       83%         6
 Dispersal                Tloc           3%         N/A       100%        6
 Summon Cactus Giant      Summ           3%         N/A       100%        6
 Lehudib's Crystal Spear  Conj/Erth      3%         10d3      100%        8


Dungeon Overview and Level Annotations

Branches:
Dungeon (9/15)             Temple (0/1) D:6
   Lair: D:8-11         Orc: D:9-12

Altars:
Elyvilon
Fedhas
Gozag
Hepliaklqana
Nemelex Xobeh
Okawaru
Ru
Vehumet
Wu Jian
Zin

Shops:
D:2 [   D:3 [[[(

Annotations:
D:5 1 runed translucent door, Wiggles's ghost, novice MiBe
D:6 1 runed translucent door, Crazy Yiuf


Innate Abilities, Weirdness & Mutations

((You are very nimble when in or above water. (Stealth+, EV+, Speed+++)))
Your lower body shifts to a powerful aquatic tail in water.


Message History

Press: ? - help, Shift-Dir - straight line, f - water moccasin
Aim: a water moccasin (heavily wounded)
You freeze the water moccasin!
The water moccasin is almost dead.
The water moccasin seems to slow down.
The black bear growls angrily.
The wall freezes the water moccasin!
You kill the water moccasin!
Vehumet accepts your kill.
You feel your power returning.
A water moccasin comes into view.
You are too injured to fight recklessly!
Your icy armour and frozen ramparts will break if you move.
Continue?
Your icy armour cracks and falls away as you move.
The frozen ramparts melt away as you move.
The wyvern attacks as you move away! The wyvern closely misses you.
The wyvern attacks as you move away!
The wyvern bites you but does no damage.
The wyvern bites you!
* * * LOW HITPOINT WARNING * * *
The wyvern barely misses you. The wyvern attacks as you move away!
The wyvern closely misses you. The wyvern bites you.
* * * LOW HITPOINT WARNING * * *
The wyvern attacks as you move away! The wyvern misses you.
The wyvern attacks as you move away! The wyvern bites you!
* * * LOW HITPOINT WARNING * * *
The wyvern bites you.
* * * LOW HITPOINT WARNING * * *
The wyvern attacks as you move away!
The wyvern bites you but does no damage.
The wyvern bites you but does no damage.
The wyvern attacks as you move away! The wyvern bites you!
* * * LOW HITPOINT WARNING * * *
The wyvern attacks as you move away! The wyvern barely misses you.
The wyvern closely misses you.
You feel better. The wyvern bites you.
* * * LOW HITPOINT WARNING * * *
The water moccasin bites you.
You die...

#.##..........####
#.##.............#
#.##.............#
####'##.............#
#...................#
#......######.......#
#......# ..........
#...<..# #..........
#...@..# #...#......
###########..Sl..#
####.##.##
#>........#......###
####.##.#
#.........####.....#
#.......#
#........l.........#
#.......#
###.......h.#####....#
#.......#
............+........#
#.......#
....†.......#######.##
#.......#
....†######## #.#
#.......#


You could see a water moccasin and a wyvern.

Vanquished Creatures
  A two-headed ogre (D:9)
  Pikel (D:6)
  2 hornets (D:8)
  A vampire (D:9)
  A wyvern (D:9)
  6 yaks (D:9)
  Edmund (D:6)
  2 water moccasins (D:9)
  A sky beast (D:7)
  2 orc warriors
  3 black bears
  2 ice beasts (D:6)
  An ogre (D:6)
  2 wolves (D:9)
  A centaur (D:8)
  4 lemures (D:6)
  4 phantoms
  A bullfrog (D:8)
  4 scorpions
  10 wights
  7 killer bees
  2 jellies
  4 hounds
  2 orc priests
  A sleepcap (D:6)
  2 gnoll boudas
  4 iguanas
  2 orc wizards (D:8)
  Robin (D:3)
  13 gnolls
  9 adders
  3 white imps (D:6)
  3 ufetubi
  3 worms
  2 dart slugs (D:2)
  12 orcs
  A ball python (D:1)
  7 endoplasms
  3 giant cockroaches
  12 goblins
  15 hobgoblins
  4 jackals (D:1)
  4 quokkas
  6 bats
  2 frilled lizards
  3 kobolds
  25 rats
202 creatures vanquished.

Notes
Turn   | Place    | Note
-------+----------+-------------------------------------------
     0 | D:1      | safid the Merfolk Ice Elementalist began the quest for the
                  | Orb.
     0 | D:1      | Reached XP level 1. HP: 13/13 MP: 3/3
   256 | D:1      | Reached XP level 2. HP: 11/20 MP: 1/5
   367 | D:1      | Reached skill level 1 in Fighting
   478 | D:1      | Reached XP level 3. HP: 8/26 MP: 0/6
   482 | D:1      | Learned a level 3 spell: Frozen Ramparts
  1016 | D:1      | Learned a level 3 spell: Ozocubu's Armour
  1123 | D:2      | Found a hazy altar of Hepliaklqana.
  1407 | D:2      | Reached skill level 5 in Ice Magic
  1407 | D:2      | Reached XP level 4. HP: 16/33 MP: 5/8
  1513 | D:2      | Found Hofem's Armour Shop.
  1549 | D:2      | Bought a +0 cloak of preservation for 126 gold pieces
  1668 | D:3      | Found Leill's Weapon Boutique.
  1712 | D:3      | Identified the ring of Avoddowa {Fly rF- Str+4 SInv}
  1717 | D:3      | Found Nawumef's Antique Armour Emporium.
  1748 | D:3      | Found Xehadd's Armour Shoppe.
  2032 | D:3      | Found a faded altar of an unknown god.
  2047 | D:3      | Noticed Robin
  2058 | D:3      | Killed Robin
  2059 | D:3      | Reached XP level 5. HP: 39/39 MP: 1/9
  2138 | D:3      | Found Wiop's Armour Shoppe.
  2182 | D:3      | Found a radiant altar of Vehumet.
  2182 | D:3      | Found an iron altar of Okawaru.
  2383 | D:3      | Became a worshipper of Vehumet
  2878 | D:4      | Reached XP level 6. HP: 24/47 MP: 9/11
  2886 | D:4      | Noticed a black bear
  3160 | D:4      | Reached skill level 6 in Ice Magic
  3320 | D:4      | Killed a black bear
  3321 | D:4      | Reached XP level 7. HP: 39/55 MP: 5/13
  3424 | D:4      | Identified the +5 falchion of Mastery {elec, Will+ Str-2
                  | Stlth+}
  3748 | D:5      | Entered Level 5 of the Dungeon
  3782 | D:5      | Identified the +10 shortbow "Moneshri" {speed, rN+}
  3812 | D:5      | Found a white marble altar of Elyvilon.
  3830 | D:5      | Found an opulent altar of Gozag.
  3892 | D:5      | Reached * piety under Vehumet
  3892 | D:5      | Offered knowledge of Shock by Vehumet.
  4079 | D:5      | Noticed Wiggles's ghost (novice MiBe)
  4080 | D:5      | Found a runed translucent door.
  4166 | D:5      | Reached skill level 5 in Fighting
  4271 | D:5      | Reached skill level 7 in Ice Magic
  4338 | D:5      | Reached skill level 5 in Spellcasting
  4338 | D:5      | Reached XP level 8. HP: 53/62 MP: 15/15
  4391 | D:5      | Found a glowing silver altar of Zin.
  4512 | D:5      | Found an ornate altar of the Wu Jian Council.
  4958 | D:6      | Noticed Edmund
  4963 | D:6      | Killed Edmund
  5034 | D:6      | Reached skill level 8 in Ice Magic
  5075 | D:6      | Found a staircase to the Ecumenical Temple.
  5149 | D:6      | Learned a level 3 spell: Hailstorm
  5349 | D:6      | Noticed Pikel
  5383 | D:6      | Killed Pikel
  5384 | D:6      | Reached XP level 9. HP: 72/72 MP: 5/18
  5923 | D:6      | Found a runed translucent door.
  5924 | D:6      | Noticed Crazy Yiuf
  6051 | D:7      | Found a blossoming altar of Fedhas.
  6052 | D:7      | Found a sparkling altar of Nemelex Xobeh.
  6062 | D:7      | Identified the +6 short sword "Geusyeno" {freeze, Str+5
                  | Int+4}
  6293 | D:7      | Offered knowledge of Momentum Strike by Vehumet.
  6359 | D:7      | Reached ** piety under Vehumet
  6426 | D:7      | Reached skill level 5 in Dodging
  6731 | D:8      | Reached skill level 9 in Ice Magic
  6818 | D:8      | Noticed a hornet
  6823 | D:8      | Killed a hornet
  6839 | D:8      | Noticed a hornet
  6847 | D:8      | Killed a hornet
  7020 | D:8      | Reached XP level 10. HP: 57/80 MP: 18/20
  7145 | D:8      | Found a sacrificial altar of Ru.
  7559 | D:9      | Offered knowledge of Mephitic Cloud by Vehumet.
  7657 | D:9      | Noticed a two-headed ogre
  7662 | D:9      | Killed a two-headed ogre
  7792 | D:9      | Reached skill level 10 in Ice Magic
  7829 | D:9      | Reached *** piety under Vehumet
  7920 | D:9      | HP: 2/84 [wyvern (11)]
  7922 | D:9      | Slain by a water moccasin

Illustrated notes

Levels and vault maps discovered:
D:1:      dpeg_arrival_tiny_c, layout_loops_ring, minmay_tromino_i4
D:2:      layout_rooms, basic_altar, serial_shops, nicolae_shop_stone
D:3:      layout_basic, amethyst_overflow_temple_binary,
          ebering_ecumenical_altar_box, serial_shops,
          nicolae_shop_advertising_works [nicolae_subvault_shop_adworks], shop,
          nicolae_shop_behind_doors, shop, minmay_rat_hole, uniq_robin
D:4:      layout_rooms, minmay_cupped
D:5:      layout_loops_cross, nicolae_overflow_quartered_altars,
          hellmonk_ghost_happy_afterlife, serial_rivers,
          chequers_serial_rivers_micro_d, chequers_serial_rivers_small_b,
          chequers_serial_rivers_micro_b, chequers_serial_rivers_micro_c,
          chequers_serial_rivers_micro_c, hangedman_decor_diamond_cutter
D:6:      layout_loops_corners, minmay_temple_entry_statues_fountains,
          serial_park_tiny_1, uniq_pikel, uniq_edmund, uniq_crazy_yiuf_cottage
D:7:      layout_gridville, grunt_temple_overflow_open, grunt_decor_cap
D:8:      layout_rooms, mainiacjoe_overflow_alcove_2
D:9:      layout_basic, minmay_lair_entry_grove, special_room
          [special_room_orc], uniq_joseph

Skill      XL: |  1  2  3  4  5  6  7  8  9 10 |
---------------+-------------------------------+-----
Fighting       | 1 2 3 4 5 7 8 9 |  9.7
Ice Magic      | 5 6 7 8 9 10 | 10.7
Spellcasting   | 3 4 5 6 7 8 |  8.0
Dodging        | 4 6 8 |  8.0
Stealth        | |  2.1

Action                     |  1- 3 |  4- 6 |  7- 9 | 10-12 || total
---------------------------+-------+-------+-------+-------++-------
  Melee: Whip              |    43 |       |       |       ||    43
         Punch             |     1 |     1 |     1 |       ||     3
         Trident           |    64 |    98 |     2 |       ||   164
         Falchion          |       |       |     7 |       ||     7
   Fire: Shortbow          |       |       |   230 |   108 ||   338
   Cast: Freeze            |    23 |     3 |       |     2 ||    28
         Frozen Ramparts   |       |     8 |    15 |    11 ||    34
         Ozocubu's Armour  |       |     4 |     6 |     4 ||    14
    Use: Scroll            |       |       |     9 |       ||     9
         Potion            |       |       |       |     1 ||     1
   Stab: Sleeping          |     5 |     9 |       |       ||    14
 Armour: Robe              |    24 |    32 |    23 |    21 ||   100
  Dodge: Dodged            |    97 |    44 |    47 |    41 ||   229
